 Dungeon Crawl Stone Soup version 0.27.0-1-g7a089689b8 (webtiles) character file.

Game seed: 14872103668756314048

60 ara8ara the Digger (level 3, -1/28 HPs)
             Began as a Deep Dwarf Earth Elementalist on Aug 12, 2021.
             Slain by a goblin (2 damage)
             ... led by Robin
             ... on level 2 of the Dungeon.
             The game lasted 00:09:13 (1272 turns).

ara8ara the Digger (Deep Dwarf Earth Elementalist)  Turns: 1272, Time: 00:09:13

Health: -1/28      AC:  6    Str: 11    XL:     3   Next: 82%
Magic:  1/6        EV: 12    Int: 16    God:
Gold:   94         SH:  0    Dex: 13    Spells: 3/6 levels left

rFire    . . .     SeeInvis .   j - +0 quarterstaff
rCold    . . .     Faith    .   (shield currently unavailable)
rNeg     . . .     Spirit   .   b - +0 robe
rPois    .         Reflect  .   (no helmet)
rElec    .         Harm     .   (no cloak)
rCorr    .         Rampage  .   (no gloves)
Will     .....                  (no boots)
Stlth    ++........             (no amulet)
HPRegen  0.00/turn              i - +4 ring of protection
MPRegen  0.10/turn              (no ring)

@: no status effects
A: damage resistance, heal wounds, sense surroundings 1, no regeneration
a: Heal Wounds


You were on level 2 of the Dungeon.
You visited 1 branch of the dungeon, and saw 2 of its levels.

You collected 94 gold pieces.

Inventory:

Hand Weapons
 d - a +0 arbalest
 j - a +0 quarterstaff (weapon)
Missiles
 c - 11 stones
Armour
 b - a +0 robe (worn)
Jewellery
 i - a +4 ring of protection (left hand)
Scrolls
 e - a scroll of teleportation {unknown}
 g - 2 scrolls of amnesia {unknown}
 k - a scroll of holy word {unknown}
Potions
 a - a potion of attraction {unknown}
 f - a potion of might {unknown}
 h - a potion of brilliance {unknown}
 l - a potion of curing {unknown}
 m - a potion of flight {unknown}


   Skills:
 + Level 0.1 Fighting
 + Level 0.2 Staves
 + Level 2.4 Dodging
 + Level 2.5 Stealth
 + Level 0.3 Unarmed Combat
 + Level 2.4 Spellcasting
 + Level 0.8 Transmutations
 + Level 5.2 Earth Magic


You had 3 spell levels left.
You knew the following spells:

 Your Spells              Type           Power      Damage    Failure   Level
a - Sandblast             Erth           36%        2d10      2%          1
b - Passwall              Tmut/Erth      9%         N/A       9%          2

Your spell library contained the following spells:

 Spells                   Type           Power      Damage    Failure   Level
 Stone Arrow              Conj/Erth      20%        3d8       21%         3
 Petrify                  Tmut/Erth      11%        N/A       50%         4


Dungeon Overview and Level Annotations

Branches:
Dungeon (2/15)

Altars:

Annotations:
D:2 Robin


Innate Abilities, Weirdness & Mutations

You are resistant to damage.
You can heal yourself by infusing magical energy.
You passively map a small area around you.
You do not regenerate.


Message History

Confirm with . or Enter, or press ? or * to list all spells.
Aiming: Sandblast (safe; 2% risk of failure)
Press: ? - help, Shift-Dir - straight line, f - hobgoblin
Aim: a hobgoblin (strong, 79% to hit)
The blast of sand hits the hobgoblin.
You kill the hobgoblin!
A goblin comes into view. It is wielding a +0 club.
Casting: Sandblast (safe; 2% risk of failure)
Confirm with . or Enter, or press ? or * to list all spells.
Aiming: Sandblast (safe; 2% risk of failure)
Press: ? - help, Shift-Dir - straight line, f - goblin
Aim: a goblin, wielding a +0 club (strong, 74% to hit)
The blast of sand hits the goblin!
You kill the goblin!
Casting: Sandblast (safe; 2% risk of failure)
Confirm with . or Enter, or press ? or * to list all spells.
You can't see any susceptible monsters within range! (Use Z to cast anyway.) Robin throws the goblin at you!
The goblin hits you with a +0 club.
Casting: Sandblast (safe; 2% risk of failure)
Confirm with . or Enter, or press ? or * to list all spells.
Aiming: Sandblast (safe; 2% risk of failure)
Press: ? - help, Shift-Dir - straight line, f - goblin
Aim: a goblin, wielding a +0 club (strong, 74% to hit)
The blast of sand hits the goblin!
You kill the goblin!
Robin throws the goblin at you! The goblin misses you.
Items here: ( )))) ††.
You hit the goblin.
The goblin is almost dead.
A hobgoblin comes into view.
The goblin hits you but does no damage.
The hobgoblin shouts!
You hit the goblin but do no damage.
The goblin is almost dead.
The goblin barely misses you.
A goblin comes into view. It is wielding a +0 club.
You hit the goblin but do no damage.
The goblin is almost dead.
Robin closely misses you. The goblin hits you with a +0 club.
You die...

, . * g *##g * * ,
..# , * * *#.# #)#
#g# #.# * , #@# ,
#g##### ##.#...#
#......# * *###
#......# *.....
#......######.....
#....##...........
#...............##
##+####.........#


You could see Robin, a hobgoblin (strong) and 2 goblins.

Vanquished Creatures
  An adder (D:2)
  6 ball pythons
  5 endoplasms
  A giant cockroach (D:1)
  7 goblins
  5 hobgoblins
  8 jackals
  2 bats (D:1)
  3 frilled lizards
  4 kobolds
  2 rats
44 creatures vanquished.

Notes
Turn   | Place    | Note
-------+----------+-------------------------------------------
     0 | D:1      | ara8ara the Deep Dwarf Earth Elementalist began the quest
                  | for the Orb.
     0 | D:1      | Reached XP level 1. HP: 15/15 MP: 3/3
    73 | D:1      | Reached XP level 2. HP: 1/22 MP: 0/4
   825 | D:2      | Learned a level 2 spell: Passwall
   885 | D:2      | Reached XP level 3. HP: 1/28 MP: 4/6
  1021 | D:2      | Reached skill level 5 in Earth Magic
  1261 | D:2      | Noticed Robin
  1272 | D:2      | Slain by a goblin

Illustrated notes

Levels and vault maps discovered:
D:1:      saegor_arrival_simple_e, layout_rooms, minmay_pentomino_w2
D:2:      cheibrodos_helix_gallery, layout_basic, st_stairs_5, uniq_robin

Skill      XL: |  1  2  3 |
---------------+----------+-----
Spellcasting   | 2 |  2.4
Earth Magic    | 5 |  5.2
Fighting       | |  0.1
Staves         | |  0.2
Dodging        | |  2.4
Stealth        | |  2.5
Unarmed Combat | |  0.3
Transmutations | |  0.8

Action                   || total
-------------------------++-------
Melee: Unarmed           ||    49
       Quarterstaff      ||    12
 Cast: Sandblast         ||    55
Armor: Robe              ||    22
Dodge: Dodged            ||    58
